 Dungeon Crawl Stone Soup version 0.29.1-15-g9cfb28693d (webtiles) character file.

Game seed: 5067313881861131063

210 Atreus the Chopper (level 5, -8/69 HPs)
             Began as a Palentonga Berserker on Mar 6, 2023.
             Was a Believer of Trog.
             Killed by divine providence
             ... invoked by an orc priest
              (13 damage)
             ... on level 3 of the Dungeon.
             The game lasted 00:04:03 (2576 turns).

Atreus the Chopper (Palentonga Berserker)           Turns: 2576, Time: 00:04:04

Health: -8/69      AC:  7    Str: 24    XL:     5   Next: 57%
Magic:  5/5        EV:  8    Int:  7    God:    Trog [**....]
Gold:   103        SH:  0    Dex: 10    Spells: 4/4 levels left

rFire   . . .      SeeInvis +   a - +0 hand axe
rCold   . . .      Faith    .   (no shield)
rNeg    . . .      Spirit   .   d - +1 scale mail
rPois   .          Reflect  .   (no helmet)
rElec   .          Harm     .   (no cloak)
rCorr   .          Rampage  .   (no gloves)
Will    .....                   (no barding)
Stlth   ..........              (no amulet)
HPRegen 0.21/turn               (no ring)
MPRegen 0.09/turn               (no ring)

@: berserking (expiring), lethally poisoned (-8 -> -23), very quick
A: large, rugged brown scales 3, see invisible, deformed body, roll 1, armoured
tail
a: Rolling Charge, Renounce Religion, Berserk, Trog's Hand


You were on level 3 of the Dungeon.
You worshipped Trog.
Trog was pleased with you.
You visited 1 branch of the dungeon, and saw 3 of its levels.

You collected 103 gold pieces.

Inventory:

Hand Weapons
 a - a +0 hand axe (weapon)
Armour
 b - a +0 animal skin
 d - a +1 scale mail (worn)
 i - an orb of guile
Jewellery
 h - an amulet of regeneration
 l - an amulet of the acrobat
Wands
 j - a wand of paralysis (12)
 o - a wand of flame (27)
Scrolls
 m - 2 scrolls of teleportation
Potions
 c - a potion of attraction {unknown}
 e - 2 potions of brilliance {unknown}
 f - a potion of berserk rage {unknown}
 g - a potion of magic {unknown}
 k - a potion of curing {unknown}
 p - 2 potions of lignification {unknown}


   Skills:
 * Level 4.8 Fighting
 + Level 5.0 Axes
 - Level 1.5 Armour
 - Level 1.5 Dodging


You had 4 spell levels left.
You didn't know any spells.
Your spell library contained the following spells:

 Spells                   Type           Power      Damage    Failure   Level
 Dazzling Flash           Conj/Hex       0%         N/A       98%         3
 Iskenderun's Mystic Bla  Conj/Tloc      0%         2d3       100%        4
 Starburst                Conj/Fire      0%         6d3       100%        6


Dungeon Overview and Level Annotations

Branches:
Dungeon (3/15)

Altars:


Innate Abilities, Weirdness & Mutations

You are completely covered in rugged brown scales. (AC +3, +7% HP)
You have supernaturally acute eyesight. (SInv)
Armour fits poorly on your strangely shaped body.
You can roll at nearby foes to attack.
You have a long armoured tail.


Message History

Trog accepts your kill.
Trog appreciates your killing of a magic user.
You slash the orc wizard!
You kill the orc wizard!
Trog accepts your kill.
Trog appreciates your killing of a magic user.
You feel very sick.
The jackal bites you but does no damage.
Your Axes skill increases to level 5!
You barely miss the adder. You slash the jackal!
You kill the jackal!
Trog accepts your kill.
You feel very sick. The adder bites you.
The orc priest calls down the wrath of Beogh upon you.
Beogh smites you!
* * * LOW HITPOINT WARNING * * *
Unknown command.
You slice the adder!!
You kill the adder!
Trog accepts your kill.
You completely miss the orc.
* * * LOW HITPOINT WARNING * * *
You feel very sick. The orc barely misses you.
Unknown command.
You slash the orc! You tail-slap the orc.
You kill the orc!
Trog accepts your kill.
You closely miss the orc.
* * * LOW HITPOINT WARNING * * *
You feel very sick.
Unknown command.
* * * LOW HITPOINT WARNING * * *
You feel very sick. The orc hits you with a +0 club.
* * * LOW HITPOINT WARNING * * *
The orc priest calls down the wrath of Beogh upon you.
Beogh smites you!
You die...

.....##.#
.......?###
........#<#
........#.####
........#....#
........####†#
......o.# #.#
.?....o@# #.#
#######.####.#
#......#
########


You could see an orc priest and an orc.

Vanquished Creatures
  2 orc wizards (D:3)
  3 gnolls (D:2)
  6 adders
  5 worms
  3 dart slugs
  An orc (D:3)
  4 bats
  7 endoplasms
  3 giant cockroaches (D:1)
  4 goblins (D:1)
  3 hobgoblins
  6 jackals
  3 kobolds
  A quokka (D:2)
  4 ball pythons
  2 frilled lizards (D:1)
  3 rats
60 creatures vanquished.

Notes
Turn   | Place    | Note
-------+----------+-------------------------------------------
     0 | D:1      | Atreus the Palentonga Berserker began the quest for the
                  | Orb.
     0 | D:1      | Reached XP level 1. HP: 19/19 MP: 1/1
   160 | D:1      | Reached XP level 2. HP: 25/25 MP: 2/2
   458 | D:1      | Reached ** piety under Trog
   634 | D:1      | Reached XP level 3. HP: 31/31 MP: 3/3
  1100 | D:2      | Reached skill level 4 in Axes
  1884 | D:2      | Reached XP level 4. HP: 39/39 MP: 4/4
  1915 | D:2      | Found a faded altar of an unknown god.
  2263 | D:2      | Reached XP level 5. HP: 45/46 MP: 5/5
  2573 | D:3      | Reached skill level 5 in Axes
  2576 | D:3      | Killed from afar by an orc priest

Illustrated notes

Levels and vault maps discovered:
D:1:      dpeg_arrival_shelter, layout_loops_corners
D:2:      layout_basic, nicolae_ecumenical_snake_handling
D:3:      layout_basic, grunt_ministairs_2

Skill      XL: |  1  2  3  4  5 |
---------------+----------------+-----
Axes           | 4 5 |  5.0
Fighting       | 4 |  4.8
Armour         | |  1.5
Dodging        | |  1.5

Action                   |  1- 3 |  4- 6 || total
-------------------------+-------+-------++-------
Melee: Hand axe          |   106 |    58 ||   164
       Tailslap          |    10 |     6 ||    16
       Punch             |       |     2 ||     2
Invok: Berserk           |     1 |     2 ||     3
 Abil: Rolling Charge    |    30 |     6 ||    36
  Use: Scroll            |     1 |     1 ||     2
Armor: Animal skin       |     7 |       ||     7
       Scale mail        |    50 |    46 ||    96
Dodge: Dodged            |    46 |    26 ||    72
